 Dungeon Crawl Stone Soup version 0.24-a0-696-gd18775d (console) character file.

Game seed: 11411759879572696984, levelgen mode: deterministic

394349 vegansnacktivist the Eclecticist (level 22, -2/185 HPs)
             Began as a Purple Draconian Earth Elementalist on Sept 27, 2019.
             Was the Champion of Nemelex Xobeh.
             Slain by a jiangshi (25 damage)
             ... led by a vampire mage
             ... on level 3 of the Depths on Sept 29, 2019.
             The game lasted 08:28:14 (102328 turns).

vegansnacktivist the Eclecticist (DrEE)           Turns: 102328, Time: 08:28:15

Health: -2/185     AC: 25    Str: 14    XL:     22   Next: 15%
Magic:  8/42       EV: 20    Int: 21    God:    Nemelex Xobeh [******]
Gold:   1392       SH: 20    Dex: 12    Spells: 18/53 levels left

rFire    + . .     SeeInvis +   t - +2 broad axe (elec)
rCold    + . .     Gourm    .   B - +2 shield
rNeg     . . .     Faith    .   (armour unavailable)
rPois    .         Spirit   .   (helmet restricted)
rElec    .         Reflect  +   C - scarf {rC+ rF+}
rCorr    .         Harm     .   V - +2 pair of gloves {Str+3}
MR       +++..                  e - +2 pair of boots {run}
Stlth    ++........             A - +5 amulet of reflection
HPRegen  0.40/turn              i - ring of Robustness {AC+8}
MPRegen  0.28/turn              b - ring of see invisible

@: quick
A: breathe power, unfitting armour, clumsy 1, weak 1, cold-blooded, AC +11
}: 2/15 runes: decaying, serpentine
a: Breathe Dispelling Energy, Draw Escape, Draw Destruction, Draw Summoning,
Triple Draw, Deal Four, Stack Five, Renounce Religion


You were on level 3 of the Depths.
You worshipped Nemelex Xobeh.
Nemelex Xobeh was exalted by your worship.
You were not hungry.

You visited 8 branches of the dungeon, and saw 39 of its levels.
You visited the Abyss 1 time.
You also visited: Wizlab.

You collected 5051 gold pieces.
You spent 3659 gold pieces at shops.

Inventory:

Hand Weapons
 t - a +2 broad axe of electrocution (weapon)
Missiles
 d - 3 curare-tipped darts
 p - 4 throwing nets
 s - 35 poisoned darts (quivered)
 T - 320 stones
 Z - 4 atropa-tipped darts
Armour
 e - a +2 pair of boots of running (worn)
 B - a +2 shield (worn)
 C - a scarf of resistance (worn)
 V - a +2 pair of gloves of strength (worn)
Magical Staves
 E - an uncursed staff of cold
 M - an uncursed staff of energy
Jewellery
 b - a ring of see invisible (right hand)
 i - the ring of Robustness (left hand) {AC+8}
   (You bought it in a shop on level 2 of the Orcish Mines)

   [ring of protection]

   It affects your AC (+8).
 j - the ring of Pefrei {rPois MR+ EV+1 Int+4}
   (You bought it in a shop on level 2 of the Orcish Mines)

   [ring of evasion]

   It affects your evasion (+1).
   It affects your intelligence (+4).
   It protects you from poison.
   It affects your resistance to hostile enchantments.
 A - a +5 amulet of reflection (around neck)
 N - the ring "Titzum" {*Tele *Drain rC- rN+ Str+7, unknown}
   (You found it in a wizard's laboratory)

   [ring of teleportation]

   It may teleport you next to monsters.
   It affects your strength (+7).
   It makes you vulnerable to cold.
   It protects you from negative energy.
   It causes draining when unequipped.
 W - an uncursed ring of magical power
Wands
 h - a wand of scattershot (7)
 n - a wand of flame (17)
 w - a wand of enslavement (7)
 F - a wand of clouds (10)
 K - a wand of paralysis (23)
 L - a wand of iceblast (25)
 S - a wand of polymorph (31)
 U - a wand of digging (28)
 X - a wand of disintegration (3)
 Y - a wand of acid (24)
Scrolls
 f - 6 scrolls of teleportation
 k - 2 scrolls of silence
 l - 13 scrolls of fog
 y - 12 scrolls of remove curse
 H - 5 scrolls of magic mapping
 J - 3 scrolls of fear
 O - 4 scrolls of blinking
Potions
 a - 6 potions of might
 g - a potion of cancellation
 m - 14 potions of curing
 o - 5 potions of resistance
 q - 4 potions of flight
 r - 3 potions of haste
 u - 2 potions of agility
 v - 5 potions of mutation
 x - a potion of berserk rage
 z - 6 potions of magic
 D - 5 potions of brilliance
 I - 5 potions of lignification
 P - 3 potions of invisibility
 R - 3 potions of ambrosia
Miscellaneous
 G - a lamp of fire
 Q - a lightning rod (4/4)
Comestibles
 c - 2 rations


   Skills:
 - Level 13.0 Fighting
   Level 4.3 Short Blades
 - Level 12.3 Axes
 - Level 13.4 Dodging
 - Level 1.7 Stealth
 - Level 15.0 Shields
 - Level 16.1 Spellcasting
 - Level 4.0 Conjurations
 - Level 2.1 Hexes
 - Level 15.0 Summonings
 - Level 12.0 Necromancy
 - Level 1.0 Transmutations
 - Level 6.1 Air Magic
 - Level 15.0 Earth Magic
 - Level 14.0 Invocations
 + Level 7.1 Evocations


You had 18 spell levels left.
You knew the following spells:

 Your Spells              Type           Power        Failure   Level  Hunger
a - Sandblast             Erth           ######       0%          1    None
b - Passwall              Tmut/Erth      ######..     1%          2    None
c - Stone Arrow           Conj/Erth      ######       1%          3    None
d - Petrify               Tmut/Erth      ######..     1%          4    None
e - Lee's Rapid Deconstr  Erth           ######....   1%          5    ###....
f - Summon Lightning Spi  Summ/Air       ######..     1%          4    None
g - Confuse               Hex            ####....     4%          3    None
h - Borgnjor's Vile Clut  Necr/Erth      ######....   1%          5    ###....
i - Blink                 Tloc           N/A          5%          2    None
j - Shadow Creatures      Summ           N/A          1%          6    #####..

Your spell library contained the following spells:

 Spells                   Type           Power        Failure   Level  Hunger
 Call Imp                 Summ           ######..     0%          2    None
 Confusing Touch          Hex            ####..       1%          1    None
 Corona                   Hex            ####...      1%          1    None
 Magic Dart               Conj           ####         1%          1    None
 Swiftness                Chrm/Air       ####....     1%          2    None
 Leda's Liquefaction      Hex/Erth       ######....   1%          4    None
 Summon Ice Beast         Ice/Summ       #####...     1%          4    None
 Beastly Appendage        Tmut           ###...       2%          1    None
 Slow                     Hex            ####....     2%          2    None
 Throw Frost              Conj/Ice       ####..       2%          2    None
 Mephitic Cloud           Conj/Pois/Air  ####....     2%          3    None
 Freeze                   Ice            ###.         3%          1    None
 Ensorcelled Hibernation  Hex/Ice        ###...       3%          2    None
 Sticks to Snakes         Tmut           ###.....     3%          2    None
 Dazzling Spray           Conj/Hex       ####..       3%          3    None
 Conjure Flame            Conj/Fire      ####....     4%          3    None
 Tukima's Dance           Hex            ####....     4%          3    None
 Inner Flame              Hex/Fire       ###.....     7%          3    None
 Portal Projectile        Hex/Tloc       ###...       7%          3    None
 Ignite Poison            Fire/Tmut/Pois ###.....     9%          3    None
 Spider Form              Tmut/Pois      ###.......   9%          3    None
 Gell's Gravitas          Tloc           ###.......   11%         3    None
 Ozocubu's Armour         Chrm/Ice       ###.....     11%         3    None
 Teleport Other           Tloc           ###.....     11%         3    None
 Lightning Bolt           Conj/Air       #####.....   12%         5    ###....
 Cause Fear               Hex            ####......   14%         4    None
 Force Lance              Conj/Tloc      ####....     16%         4    None
 Throw Icicle             Conj/Ice       ####....     16%         4    None
 Silence                  Hex/Air        ####......   19%         5    ###....
 Ice Form                 Ice/Tmut       ###.....     28%         4    None
 Passage of Golubria      Tloc           N/A          34%         4    None
 Fireball                 Conj/Fire      ####......   38%         5    ###....
 Yara's Violent Unravell  Hex/Tmut       ###.......   45%         5    ###....
 Blade Hands              Tmut           ###.......   54%         5    ###....
 Metabolic Englaciation   Hex/Ice        ###.......   54%         5    ###....
 Conjure Ball Lightning   Conj/Air       #####.....   54%         6    #####..
 Deflect Missiles         Chrm/Air       ####......   83%         6    #####..
 Darkness                 Hex            ####......   92%         6    #####..
 Invisibility             Hex            ####....     92%         6    #####..
 Bolt of Fire             Conj/Fire      ####......   93%         6    #####..
 Dispersal                Tloc           ###.......   99%         6    #####..
 Ring of Flames           Chrm/Fire      ###.......   100%        7    ######.
 Controlled Blink         Tloc           N/A          100%        8    #######
 Disjunction              Tloc           ###.......   100%        8    #######
 Ignition                 Fire           ###.......   100%        8    #######
 Tornado                  Air            #####.....   100%        9    #######


Dungeon Overview and Level Annotations

Branches:
Dungeon (15/15)            Temple (1/1) D:4            Lair (6/6) D:8
  Swamp (4/4) Lair:4        Snake (4/4) Lair:4        Slime (0/5) Lair:6
    Orc (2/2) D:10            Elf (0/3) Orc:2        Vaults (4/5) D:14
  Crypt (0/3) Vaults:2     Depths (3/5) D:15         WizLab (visited)

Altars:
Ashenzari
Cheibriados
Dithmenos
Elyvilon
Fedhas
Gozag
Hepliaklqana
Kikubaaqudgha
Makhleb
Nemelex Xobeh
Okawaru
Qazlal
Ru
Sif Muna
Trog
Uskayaw
Vehumet
Wu Jian
Xom
Yredelemnul
Zin
The Shining One

Shops:
D:5 (   D:10 ([   D:13 =   Orc:2 %=(=*   Vaults:1 [   Vaults:2 ?[%=
Vaults:3 :

Portals:
Hell: Depths:1 Depths:2 Depths:3
Abyss: Depths:2
Trove: Depths:1 (give 6 scrolls of blinking)

Annotations:
Vaults:4 3 runed translucent doors, AlmostDecent's ghost, adept DsFi


Innate Abilities, Weirdness & Mutations

You can breathe bolts of dispelling energy.
Your rich purple scales are hard. (AC +11)
You cannot fit into any form of body armour.
You are cold-blooded and may be slowed by cold attacks.
You are clumsy. (Dex -2)
You are weak. (Str -2)


Message History

You block the jiangshi's attack.
Unknown command.
Unknown command.
Unknown command.
You closely miss the jiangshi.
The jiangshi is moderately damaged.
The jiangshi claws you!
* * * LOW HITPOINT WARNING * * *
The jiangshi draws strength from your injuries!
The jiangshi closely misses you.
Your ball lightning explodes!
The blast of lightning engulfs the jiangshi!
The jiangshi is moderately damaged.
The blast of lightning engulfs you.
* * * LOW HITPOINT WARNING * * *
The blast of lightning engulfs the naga!
The naga is heavily wounded.
The jiangshi barely misses you. The jiangshi claws you!!
You die...
Your body glows with a rainbow of weird colours and disappears.

#.......D....C.....,,,,,,,*
#............(.....,,,,,,,*
#................#*,.#*,,,*
#......(.........##,.##,,,*
#.................#...#,,,*
#......##..##>....+...#,,,*
#......###'#..........#,,,*
#........(.()#####....#,,,*
...........[(#.8@#....#,,,*
...........#[)NV∩#....#,,,*
...........#.#.8.#....#,,,*
...........#.#####....#,,,*
#..........#..$.......#,,,*
.......c...#.....'....#,,,*
#####.....)##....#....#,,,*
****##)....########...#,,,*
,,,* *......*,,,,.....#,,,*


You could see a jiangshi (dazed) and a naga.

Vanquished Creatures
  A golden dragon (Depths:2)
  2 tentacled monstrosities (Vaults:4)
  A moon troll (WizLab)
  Jorgrun (D:14)
  A lich (Depths:2)
  4 sphinxes
  10 tentacled starspawn (WizLab)
  A thorn hunter (Swamp:1)
  2 tengu reavers
  11 nagarajas
  A shadow dragon (Depths:2)
  3 fire giants
  12 vault wardens
  3 frost giants
  Louise (Swamp:2)
  A cacodemon (WizLab)
  Aizul (Swamp:2)
  A balrug (Depths:1)
  15 ironheart preservers
  14 very ugly things
  3 war gargoyles
  8 stone giants
  Nessos (D:13)
  A vampire knight (D:15)
  An entropy weaver (Vaults:2)
  A black draconian (Vaults:1)
  A red draconian (Vaults:1)
  A dire elephant (Lair:6)
  A spark wasp (shapeshifter) (Vaults:1)
  The ghost of snetch the Cleaver, a journeyman MiBe of Trog (D:12)
  A minotaur (shapeshifter) (D:14)
  6 ettins
  2 spark wasps
  8 fire dragons
  7 yaktaur captains
  9 naga warriors
  Josephine (D:13)
  6 ice dragons
  Harold (D:7)
  5 rakshasas
  7 vault guards (Vaults:1)
  A ghost crab (Swamp:4)
  31 hydras
  10 great orbs of eyes
  3 catoblepae
  8 centaur warriors
  12 ogre magi
  A shambling mangrove (Swamp:2)
  3 spriggan air magi
  4 anacondas
  28 two-headed ogres
  3 deep troll shamans
  4 death knights
  7 alligators
  6 death yaks
  A tengu warrior (Depths:1)
  14 naga sharpshooters
  A dancing weapon (Vaults:1)
  5 shock serpents
  7 deep troll earth magi
  A spriggan berserker (Depths:1)
  2 sun demons (Depths:1)
  A wretched star (WizLab)
  An iron troll (shapeshifter) (Vaults:1)
  4 deep elf knights
  An iron troll (Depths:1)
  2 salamander mystics
  2 skeletal warriors
  A golden dragon zombie (Depths:1)
  4 unseen horrors
  A glowing orange brain (shapeshifter) (Vaults:1)
  12 deep trolls
  4 wizards
  3 naga ritualists
  13 swamp dragons
  5 sea snakes (Snake:4)
  2 spriggan druids (Swamp:4)
  2 orange crystal statues
  8 glowing orange brains
  10 ironbrand convokers
  3 deep elf archers
  An obsidian statue (D:8)
  3 necromancers
  A harpy (Depths:3)
  A lindwurm (Snake:4)
  6 wolf spiders
  8 orc knights
  4 deep elf magi
  An orb spider (shapeshifter) (Vaults:3)
  4 phantasmal warriors (D:15)
  2 oklob plants
  A wolf spider (shapeshifter) (Vaults:2)
  3 manticores
  8 mana vipers
  11 salamanders
  52 ugly things
  3 orc sorcerers
  9 cyclopes
  2 salamanders (shapeshifter) (Vaults:1)
  A moth of wrath (Lair:5)
  A stone giant skeleton (Depths:1)
  6 guardian serpents
  Maurice (D:8)
  3 elephants
  12 naga magi
  An ice statue (D:10)
  19 vault sentinels
  25 black mambas
  A spiny frog (shapeshifter) (Vaults:4)
  3 gargoyles
  3 eyes of devastation (WizLab)
  2 kobold demonologists (D:11)
  13 spiny frogs
  24 yaktaurs
  8 centaur skeletons
  5 komodo dragons
  3 tengu conjurers
  4 rime drakes (Lair:6)
  2 freezing wraiths (Vaults:4)
  4 polar bears (Lair:6)
  4 trolls
  19 hornets
  13 tyrant leeches
  A troll (shapeshifter) (Depths:1)
  A slime creature (shapeshifter) (Vaults:3)
  A raiju (shapeshifter) (D:15)
  7 blink frogs
  7 bog bodies
  21 hippogriffs
  43 slime creatures
  7 dream sheep
  A hippogriff (shapeshifter) (Vaults:2)
  3 shadows
  6 redbacks (D:15)
  4 water elementals (Depths:2)
  The ghost of mhtbhm the Firebug, an amateur DEFE of Vehumet (D:4)
  A tarantella (Vaults:1)
  15 spriggans
  11 wraiths
  12 wyverns
  A human (D:9)
  4 basilisks (Lair:6)
  5 golden eyes (WizLab)
  3 hogs (D:9)
  A steam dragon (Lair:2)
  A golden eye (shapeshifter) (Vaults:3)
  2 hungry ghosts
  42 yaks
  3 neqoxecs
  8 swamp worms
  10 vampire mosquitoes
  2 wargs
  13 insubstantial wisps
  33 nagas
  A soldier ant (Snake:4)
  4 acid dragons
  7 water moccasins
  A floating eye (Depths:3)
  3 hell hounds
  47 orc warriors
  9 porcupines
  2 ice beasts (D:6)
  2 phantoms
  2 sky beasts (D:12)
  3 necrophages
  8 swamp drakes
  4 black bears (Lair:6)
  26 ogres
  2 eyes of draining
  28 wolves
  9 boggarts
  A hornet zombie (D:12)
  18 centaurs
  12 crocodiles
  16 bullfrogs
  4 big kobolds
  An ogre simulacrum (Vaults:1)
  2 wyvern skeletons (D:14)
  2 scorpions
  5 killer bees
  A water moccasin skeleton (D:4)
  5 wights (D:12)
  5 howler monkeys
  5 electric eels (Lair:4)
  3 centaur zombies
  9 crimson imps
  4 quasits
  3 bullfrog zombies
  A jelly (D:11)
  19 orc priests
  14 starcursed masses (WizLab)
  10 hounds
  2 bullfrog skeletons
  6 iguanas
  6 worker ants
  19 orc wizards
  3 hound skeletons
  3 hound zombies
  A howler monkey zombie (D:6)
  2 worker ant zombies (D:11)
  Robin (D:3)
  13 adders
  3 shadow imps
  An adder zombie (D:9)
  A worm (D:2)
  A ball lightning (Orc:2)
  4 dart slugs
  7 leopard geckos
  125 orcs
  2 bats
  5 giant cockroaches
  10 goblins
  12 hobgoblins
  9 jackals
  3 quokkas
  5 frilled lizards
  11 kobolds
  9 rats
  A bush (Lair:1)
  3 fungi
  6 plants
  12 starspawn tentacles (WizLab)
1540 creatures vanquished.

Vanquished Creatures (collateral kills)
  the Lernaean hydra (Swamp:4)
  Nikola (Swamp:2)
  A quicksilver dragon (WizLab)
  A tentacled starspawn (WizLab)
  A frost giant (Depths:1)
  A nagaraja (Snake:4)
  A cacodemon (WizLab)
  5 ironheart preservers
  2 stone giants (Depths:3)
  6 very ugly things
  A minotaur (Lair:6)
  A fire dragon (Vaults:3)
  2 ice dragons
  6 naga warriors
  3 hydras
  2 shambling mangroves
  A ghost crab (Swamp:3)
  3 centaur warriors
  2 anacondas
  2 alligators
  2 two-headed ogres (Vaults:3)
  An ogre mage (Vaults:3)
  A tengu warrior (Depths:2)
  2 deep troll earth magi (Depths:3)
  A naga sharpshooter (Snake:1)
  A wretched star (WizLab)
  3 sea snakes (Snake:4)
  4 deep trolls
  A glowing orange brain (WizLab)
  2 orc knights
  2 harpies (Depths:3)
  3 swamp dragons
  An ironbrand convoker (Vaults:3)
  6 ugly things
  A deep elf mage (Vaults:2)
  2 mana vipers
  2 vault sentinels
  A guardian serpent (Snake:1)
  A manticore (Depths:3)
  A black mamba (Snake:3)
  A spiny frog (Swamp:1)
  13 yaktaurs
  3 naga magi
  A rime drake (Depths:3)
  A jumping spider (Lair:3)
  A tyrant leech (Swamp:2)
  2 hornets
  2 bog bodies (Swamp:4)
  3 slime creatures
  A dream sheep (Lair:3)
  A spriggan (Swamp:3)
  A hog (shapeshifter) (Vaults:1)
  A neqoxec (WizLab)
  2 vampire mosquitoes (Swamp:4)
  8 nagas
  A swamp worm (Swamp:3)
  An acid dragon (Vaults:3)
  A hell hound (Depths:3)
  4 orc warriors
  2 swamp drakes
  A sky beast (Vaults:3)
  3 ogres
  A boggart (Vaults:2)
  3 centaurs
  A quasit (D:12)
  3 starcursed masses (WizLab)
  3 orcs
  A giant cockroach (Vaults:3)
  3 starspawn tentacles (WizLab)
150 creatures vanquished.

Vanquished Creatures (others)
  3 stone giants
  An ironheart preserver (Vaults:1)
  A yaktaur captain (Vaults:3)
  A centaur warrior (Depths:3)
  A tengu warrior (Depths:2)
  2 deep elf archers (Vaults:4)
  An orc knight (Vaults:2)
  A frost giant zombie (Depths:1)
  A manticore (Depths:3)
  A vault sentinel (Vaults:1)
  8 yaktaurs
  A wyvern (D:8)
  4 humans (Lair:4)
  A vampire mosquito (Swamp:4)
  A naga (Snake:4)
  An ogre (Vaults:1)
  4 centaurs
  2 crocodiles (Lair:4)
  An orc wizard (D:4)
  5 ball lightnings
  An orc (Orc:2)
  2 bushes (Lair:1)
  6 demonic plants (WizLab)
  14 fungi
  21 plants
  29 starspawn tentacles (WizLab)
114 creatures vanquished.

Grand Total: 1804 creatures vanquished

Notes
Turn   | Place    | Note
-------+----------+-------------------------------------------
     0 | D:1      | vegansnacktivist the Draconian Earth Elementalist began the
                  | quest for the Orb.
     0 | D:1      | Reached XP level 1. HP: 14/14 MP: 3/3
   256 | D:1      | Reached XP level 2. HP: 20/20 MP: 0/5
   699 | D:1      | Learned a level 2 spell: Passwall
   742 | D:2      | Reached XP level 3. HP: 14/26 MP: 3/6
  1114 | D:2      | Found an ancient bone altar of Kikubaaqudgha.
  1114 | D:2      | Found a white marble altar of Elyvilon.
  1249 | D:2      | Learned a level 3 spell: Stone Arrow
  1527 | D:3      | Noticed Robin
  1532 | D:3      | Killed Robin
  1532 | D:3      | Reached skill level 5 in Earth Magic
  1532 | D:3      | Reached XP level 4. HP: 33/33 MP: 1/7
  1592 | D:3      | Found an opulent altar of Gozag.
  2157 | D:3      | Found a stormy altar of Qazlal.
  2423 | D:4      | Got a faintly humming large shield
  2426 | D:4      | Identified the +5 large shield of the Garden {*Slow rCorr
                  | MP-9 Stlth+} (You found it on level 4 of the Dungeon)
  2458 | D:4      | Noticed mhtbhm's ghost (amateur DEFE)
  2460 | D:4      | Found a transporter.
  2485 | D:4      | Found a sacrificial altar of Ru.
  2724 | D:4      | Found a transporter.
  2758 | D:4      | Reached XP level 5. HP: 38/38 MP: 4/8
  2946 | D:4      | Noticed an ogre
  2994 | D:4      | Killed an ogre
  2994 | D:4      | Reached skill level 3 in Spellcasting
  2994 | D:4      | Reached XP level 6. HP: 28/45 MP: 2/10
  3123 | D:4      | Found a staircase to the Ecumenical Temple.
  3136 | Temple   | Entered the Ecumenical Temple
  3237 | Temple   | Became a worshipper of Nemelex Xobeh the Trickster
  3258 | D:4      | Received a gift from Nemelex Xobeh
  3284 | D:4      | Reached skill level 4 in Spellcasting
  3896 | D:4      | Learned a level 4 spell: Petrify
  3897 | D:5      | Entered Level 5 of the Dungeon
  3942 | D:5      | Found Panu's Weapon Shop.
  3984 | D:5      | Your scales start taking on a rich purple colour.
  3984 | D:5      | Reached skill level 5 in Spellcasting
  3984 | D:5      | Reached XP level 7. HP: 44/50 MP: 0/15
  4096 | D:5      | Learned a level 5 spell: Lee's Rapid Deconstruction
  4100 | D:5      | Reached skill level 6 in Spellcasting
  4780 | D:6      | Reached skill level 1 in Fighting
  4804 | D:6      | Reached * piety under Nemelex Xobeh
  4949 | D:6      | Received a gift from Nemelex Xobeh
  5022 | D:6      | Reached XP level 8. HP: 53/67 MP: 1/17
  5203 | D:6      | Reached skill level 5 in Fighting
  5354 | D:6      | Reached skill level 1 in Short Blades
  6129 | D:6      | You fall into a shaft and drop 1 floor!
  6456 | D:7      | Received a gift from Nemelex Xobeh
  6690 | D:7      | Reached skill level 5 in Dodging
  6990 | D:5      | Identified a +0 pair of boots of running (You found it on
                  | level 5 of the Dungeon)
  7126 | D:7      | Noticed Harold
  7140 | D:7      | Killed Harold
  7140 | D:7      | Reached XP level 9. HP: 41/74 MP: 11/18
  7248 | D:7      | Found a shimmering blue altar of Sif Muna.
  7311 | D:7      | Found an ornate altar of the Wu Jian Council.
  7311 | D:7      | Found a hide-covered altar of Uskayaw.
  7311 | D:7      | Reached ** piety under Nemelex Xobeh
  7377 | D:7      | Received a gift from Nemelex Xobeh
  7758 | D:8      | Received a gift from Nemelex Xobeh
  7782 | D:8      | Noticed Joseph
  7788 | D:8      | Noticed Joseph
  7788 | D:8      | Joseph changed into Joseph the water moccasin
  7792 | D:8      | Killed Joseph the water moccasin
  7792 | D:8      | Reached skill level 10 in Dodging
  7815 | D:8      | Noticed an obsidian statue
  7856 | D:8      | Found a blossoming altar of Fedhas.
  7856 | D:8      | Found a burning altar of Makhleb.
  7857 | D:8      | Found a glowing golden altar of the Shining One.
  8553 | D:8      | Got a clouded bronze ring
  8557 | D:8      | Found a staircase to the Lair.
  8561 | D:8      | Identified the ring of Midnight {MR+ Dex+4} (You found it
                  | on level 8 of the Dungeon)
  8752 | D:9      | Received a gift from Nemelex Xobeh
  8867 | D:9      | Reached XP level 10. HP: 81/81 MP: 1/19
  8998 | D:9      | Reached *** piety under Nemelex Xobeh
  9613 | D:9      | Found a shattered altar of Ashenzari.
 10078 | D:10     | Entered Level 10 of the Dungeon
 10144 | D:10     | Found Urophog's Armour Shoppe.
 10160 | D:10     | Received a gift from Nemelex Xobeh
 10208 | D:10     | Noticed an orc knight
 10275 | D:10     | Found a runed translucent door.
 10292 | D:10     | Found a runed translucent door.
 10414 | D:10     | Reached skill level 1 in Evocations
 11065 | D:10     | Killed an orc knight
 11075 | D:10     | Found a staircase to the Orcish Mines.
 11084 | D:10     | Found Qajuant's Weapon Boutique.
 11220 | D:10     | Received a gift from Nemelex Xobeh
 11270 | D:10     | Found a runed translucent door.
 11273 | D:10     | Reached skill level 5 in Evocations
 11284 | D:10     | Found a runed translucent door.
 11880 | D:11     | Reached skill level 5 in Invocations
 11966 | D:11     | Reached **** piety under Nemelex Xobeh
 12060 | D:11     | Noticed a gargoyle
 12077 | D:11     | Reached XP level 11. HP: 75/86 MP: 5/21
 12295 | D:11     | Reached skill level 7 in Spellcasting
 12876 | D:11     | Reached skill level 8 in Spellcasting
 13124 | D:11     | Noticed an eight-headed hydra
 13151 | D:11     | Killed an eight-headed hydra
 13290 | D:11     | Received a gift from Nemelex Xobeh
 13751 | D:12     | Found a transporter.
 13752 | D:12     | Noticed snetch's ghost (journeyman MiBe)
 13772 | D:12     | Found a transporter.
 13851 | D:12     | Noticed a brown ugly thing
 13862 | D:12     | Killed a brown ugly thing
 14795 | D:12     | Received a gift from Nemelex Xobeh
 15467 | D:4      | Killed mhtbhm's ghost
 15467 | D:4      | Reached skill level 10 in Earth Magic
 15786 | Lair:1   | Entered Level 1 of the Lair of Beasts
 15800 | Lair:1   | You fall into a shaft and drop 1 floor!
 16242 | Lair:2   | Received a gift from Nemelex Xobeh
 16381 | Lair:2   | Reached XP level 12. HP: 94/94 MP: 14/24
 17580 | Lair:1   | Reached ***** piety under Nemelex Xobeh
 17840 | Lair:1   | Noticed a seven-headed hydra
 17962 | Lair:1   | Killed a seven-headed hydra
 17963 | Lair:1   | Noticed a seven-headed hydra
 18194 | Lair:1   | Killed a seven-headed hydra
 18270 | Lair:1   | Received a gift from Nemelex Xobeh
 19495 | Lair:3   | Received a gift from Nemelex Xobeh
 19894 | Lair:3   | Received a gift from Nemelex Xobeh
 19993 | Lair:3   | Reached skill level 1 in Shields
 21080 | Lair:4   | Found a staircase to the Swamp.
 21498 | Lair:4   | Noticed a five-headed hydra
 21507 | Lair:4   | Killed a five-headed hydra
 21647 | Lair:4   | Received a gift from Nemelex Xobeh
 21647 | Lair:4   | Found a staircase to the Snake Pit.
 21651 | Lair:4   | Noticed a four-headed hydra
 21963 | Lair:3   | Killed a four-headed hydra
 22370 | Lair:4   | Noticed Kirke
 22372 | Lair:4   | Noticed Kirke
 22372 | Lair:4   | Kirke changed into Kirke the fire giant
 22381 | Lair:4   | Noticed Kirke
 22381 | Lair:4   | Kirke the fire giant changed into Kirke the spark wasp
 22385 | Lair:4   | Killed Kirke the spark wasp
 22385 | Lair:4   | Reached XP level 13. HP: 100/100 MP: 21/25
 23086 | Lair:4   | Reached skill level 10 in Invocations
 23591 | Lair:5   | Received a gift from Nemelex Xobeh
 23691 | Lair:5   | Noticed an azure jelly
 23691 | Lair:5   | a seven-headed hydra changed into an azure jelly
 24043 | Lair:5   | Received a gift from Nemelex Xobeh
 24187 | Lair:5   | Noticed a minotaur
 24187 | Lair:5   | an azure jelly changed into a minotaur
 24772 | Lair:5   | Reached ****** piety under Nemelex Xobeh
 25272 | Lair:6   | Entered Level 6 of the Lair of Beasts
 25272 | Lair:6   | Received a gift from Nemelex Xobeh
 25613 | Lair:5   | Reached skill level 9 in Spellcasting
 25740 | Lair:6   | Found a staircase to the Slime Pits.
 25942 | Lair:6   | Killed a minotaur
 26908 | Lair:6   | Received a gift from Nemelex Xobeh
 27953 | Lair:6   | Reached XP level 14. HP: 97/107 MP: 18/27
 28591 | Lair:6   | Received a gift from Nemelex Xobeh
 28898 | Lair:6   | Noticed Rupert
 29033 | Lair:6   | Noticed Rupert
 29033 | Lair:6   | Rupert changed into Rupert the azure jelly
 29790 | Lair:6   | Noticed Rupert
 29790 | Lair:6   | Rupert the azure jelly changed into Rupert the dire
                  | elephant
 29790 | Lair:6   | Killed Rupert the dire elephant
 30987 | Lair:6   | Reached skill level 15 in Earth Magic
 31073 | Lair:6   | Received a gift from Nemelex Xobeh
 31582 | Lair:6   | Found a staircase to the Slime Pits.
 32258 | Orc:1    | Entered Level 1 of the Orcish Mines
 32874 | Orc:2    | Entered Level 2 of the Orcish Mines
 32874 | Orc:2    | Found a staircase to the Elven Halls.
 33540 | Orc:2    | Found Wearu's Food Shop.
 33547 | Orc:2    | Received a gift from Nemelex Xobeh
 33549 | Orc:2    | Noticed an orc warlord
 34103 | Orc:2    | an orc warlord changed into a death yak
 34161 | Orc:1    | Reached skill level 10 in Spellcasting
 34273 | Orc:1    | Learned a level 4 spell: Summon Lightning Spire
 34297 | Orc:1    | Reached skill level 1 in Summonings
 36043 | Orc:2    | Found Tagentonn's Jewellery Emporium.
 36043 | Orc:2    | Found Ihoagiu's Antique Weapon Boutique.
 36045 | Orc:2    | Found Vidutwima's Jewellery Shop.
 36047 | Orc:2    | Found Zeericyn's General Store.
 36227 | Orc:2    | Reached skill level 5 in Summonings
 36420 | Orc:2    | Bought the ring of Robustness {AC+8} for 2304 gold pieces
 36420 | Orc:2    | Found the ring of Robustness {AC+8}
 36425 | Orc:2    | Bought the ring of Pefrei {rPois MR+ EV+1 Int+4} for 310
                  | gold pieces
 36863 | Orc:2    | Bought a scroll of teleportation for 42 gold pieces
 37599 | D:8      | Noticed Maurice
 37661 | D:8      | Killed Maurice
 37880 | Lair:4   | Upgraded the game from 0.24-a0-652-g46ecf6d to
                  | 0.24-a0-654-g80d7c3d
 37886 | Lair:4   | Learned a level 3 spell: Confuse
 37887 | Snake:1  | Entered Level 1 of the Snake Pit
 38803 | Snake:1  | Reached skill level 1 in Hexes
 39032 | Snake:1  | Received a gift from Nemelex Xobeh
 39212 | Snake:1  | You fall into a shaft and drop 1 floor!
 39726 | Snake:1  | Reached XP level 15. HP: 112/113 MP: 8/29
 40249 | Snake:2  | Noticed a nagaraja
 40267 | Snake:2  | Killed a nagaraja
 40613 | Snake:2  | Noticed a nagaraja
 41121 | Snake:2  | Reached skill level 11 in Spellcasting
 41847 | Snake:2  | Killed a nagaraja
 42310 | Snake:2  | Reached skill level 12 in Spellcasting
 42990 | Snake:3  | Received a gift from Nemelex Xobeh
 43877 | Snake:3  | Reached skill level 13 in Spellcasting
 45560 | Snake:4  | Entered Level 4 of the Snake Pit
 45815 | Snake:4  | Reached skill level 14 in Spellcasting
 46372 | Snake:4  | Received a gift from Nemelex Xobeh
 47203 | Snake:4  | Reached skill level 15 in Spellcasting
 48013 | Snake:4  | Reached XP level 16. HP: 119/119 MP: 28/35
 49136 | Snake:4  | Reached skill level 16 in Spellcasting
 51772 | Snake:4  | Got a serpentine rune of Zot
 52245 | Swamp:1  | Entered Level 1 of the Swamp
 52902 | D:13     | Received a gift from Nemelex Xobeh
 52955 | D:13     | Found Calij's Jewellery Shoppe.
 53258 | D:13     | Noticed Josephine
 53261 | D:13     | Killed Josephine
 54308 | D:13     | Noticed Nessos
 54321 | D:13     | Killed Nessos
 55160 | D:14     | Received a gift from Nemelex Xobeh
 55208 | D:14     | Noticed Jorgrun
 55216 | D:14     | Cast into level 1 of the Abyss (drawing a card)
 55225 | Abyss:1  | Noticed a tentacled starspawn
 55228 | D:14     | Escaped the Abyss
 55250 | D:14     | Killed Jorgrun
 55993 | D:14     | Found a gate to the Vaults.
 56470 | D:15     | Entered Level 15 of the Dungeon
 57555 | D:15     | Reached skill level 10 in Fighting
 57846 | D:15     | Found a staircase to the Depths.
 58228 | D:15     | Reached XP level 17. HP: 141/141 MP: 18/37
 60521 | Lair:1   | Learned a level 5 spell: Borgnjor's Vile Clutch
 60762 | Vaults:1 | Entered Level 1 of the Vaults
 61557 | Vaults:1 | Received a gift from Nemelex Xobeh
 61869 | Vaults:1 | Reached skill level 1 in Necromancy
 62315 | Vaults:1 | Identified the +2 plate armour "Lani" {MR- Str+3 Dex+4}
 62318 | Vaults:1 | Reached skill level 5 in Necromancy
 62329 | Vaults:1 | Identified the -1 hand axe "Dilam" {chop, rPois rF+}
 63465 | Vaults:1 | Reached skill level 1 in Axes
 64835 | Vaults:1 | Found Giyqigudd's Antique Armour Emporium.
 64843 | Vaults:1 | Identified a scroll of acquirement
 64844 | Vaults:1 | Bought a twisted cloak for 266 gold pieces
 64844 | Vaults:1 | Identified the cursed +0 cloak of Duty {Regen+ Str-3 SInv}
                  | (You bought it in a shop on level 1 of the Vaults)
 64931 | Vaults:1 | Reached skill level 5 in Axes
 64931 | Vaults:1 | Reached XP level 18. HP: 75/157 MP: 1/38
 66657 | Vaults:1 | Received a gift from Nemelex Xobeh
 67762 | Vaults:2 | Received a gift from Nemelex Xobeh
 67960 | Vaults:2 | Found Coroh's Magic Scroll Shoppe.
 68200 | Vaults:2 | Bought a scroll of teleportation for 42 gold pieces
 68200 | Vaults:2 | Bought a scroll of magic mapping for 49 gold pieces
 69197 | D:13     | Bought a +5 amulet of reflection for 618 gold pieces
 69899 | Vaults:2 | Found Qeffahur's Armour Boutique.
 69909 | Vaults:2 | Found Zigoi's Food Shoppe.
 69937 | Vaults:2 | Reached skill level 1 in Air Magic
 70063 | Vaults:2 | Found Nanel's Jewellery Boutique.
 70087 | Vaults:2 | Found a staircase to the Crypt.
 70144 | Vaults:2 | Received a gift from Nemelex Xobeh
 70987 | Vaults:2 | Reached skill level 5 in Air Magic
 72018 | Vaults:2 | Reached skill level 5 in Shields
 75026 | Vaults:3 | Reached XP level 19. HP: 118/163 MP: 0/39
 75247 | Vaults:3 | Found Atauleso's Book Emporium.
 75621 | Vaults:3 | Received a gift from Nemelex Xobeh
 76240 | Vaults:3 | Reached skill level 10 in Shields
 77987 | Vaults:4 | Identified the ring "Earthly Heaven" {*Slow rElec rC+ Str-5
                  | Slay+4}
 78764 | Vaults:4 | Identified the +1 robe "Jaihibut" {rC+ Str+4}
 78910 | Vaults:4 | Found a runed translucent gate.
 78910 | Vaults:4 | Found a runed translucent gate.
 78910 | Vaults:4 | Found a runed translucent gate.
 78914 | Vaults:4 | Noticed AlmostDecent's ghost (adept DsFi)
 78916 | Vaults:4 | Found an iron altar of Okawaru.
 79923 | Vaults:4 | Received a gift from Nemelex Xobeh
 81125 | Lair:1   | Learned a level 2 spell: Blink
 81132 | Lair:1   | Learned a level 6 spell: Shadow Creatures
 81132 | Lair:1   | Upgraded the game from 0.24-a0-654-g80d7c3d to
                  | 0.24-a0-696-gd18775d
 81208 | Lair:4   | look at my spells
 82214 | Swamp:1  | Received a gift from Nemelex Xobeh
 82959 | Swamp:2  | Received a gift from Nemelex Xobeh
 83520 | Swamp:2  | Reached XP level 20. HP: 171/171 MP: 14/40
 83675 | Swamp:2  | Reached skill level 10 in Axes
 83980 | Swamp:2  | Noticed Aizul
 84226 | Swamp:2  | Killed Aizul
 84465 | Swamp:2  | Received a gift from Nemelex Xobeh
 84470 | Swamp:2  | Noticed Louise
 84496 | Swamp:2  | Killed Louise
 84932 | Swamp:2  | Noticed Nikola
 84942 | Swamp:2  | Killed Nikola
 85162 | Swamp:3  | Received a gift from Nemelex Xobeh
 86414 | Swamp:3  | Received a gift from Nemelex Xobeh
 86560 | Swamp:4  | Entered Level 4 of the Swamp
 87581 | Swamp:4  | Noticed the 27-headed Lernaean hydra
 87587 | Swamp:4  | Killed the 27-headed Lernaean hydra
 87599 | Swamp:4  | Received a gift from Nemelex Xobeh
 88216 | Swamp:4  | Reached skill level 15 in Shields
 88685 | Swamp:4  | Received a gift from Nemelex Xobeh
 88726 | Swamp:4  | Got a decaying rune of Zot
 89403 | D:12     | Killed snetch's ghost
 89417 | D:12     | Got the ring "Diuss" {Dex-3}
 89537 | Vaults:2 | Bought a scroll of identify for 28 gold pieces
 89537 | Vaults:2 | Identified the cursed ring "Diuss" {+Fly rElec rC- rN+++
                  | Dex-3} (You found it on level 12 of the Dungeon)
 90002 | Depths:1 | Entered Level 1 of the Depths
 90798 | Depths:1 | Reached skill level 10 in Summonings
 92589 | Depths:1 | Found a gateway to Hell.
 93816 | Depths:1 | Found a portal to a secret trove of treasure.
 93866 | Depths:1 | Received a gift from Nemelex Xobeh
 93895 | Depths:1 | Reached XP level 21. HP: 154/178 MP: 3/41
 94295 | Depths:1 | Identified the Grimoire of Unstable Conjuration
 94538 | Depths:1 | Got a bronze plate armour
 95399 | Depths:2 | Received a gift from Nemelex Xobeh
 95602 | Depths:1 | HP: 3/178 [white very ugly thing (18)]
 97559 | Depths:2 | Noticed a golden dragon
 97564 | Depths:2 | Killed a golden dragon
 97604 | Depths:2 | Found a one-way gate to the infinite horrors of the Abyss.
 98535 | Depths:3 | Found a magical portal.
 98823 | WizLab   | Received a gift from Nemelex Xobeh
 98854 | WizLab   | Reached skill level 15 in Summonings
 98866 | WizLab   | Found a transporter.
 98869 | WizLab   | Gained mutation: You are weak. (Str -2) [a neqoxec]
100023 | WizLab   | Reached skill level 10 in Necromancy
101517 | WizLab   | Found a transporter.
101721 | WizLab   | Received a gift from Nemelex Xobeh
101912 | WizLab   | Gained mutation: You are clumsy. (Dex -2) [a cacodemon]
102040 | WizLab   | Got a bound lapis lazuli ring
102067 | Depths:3 | Reached XP level 22. HP: 185/185 MP: 27/42
102131 | Depths:3 | Paralysed by a floating eye for 4 turns
102328 | Depths:3 | Slain by a jiangshi

Levels and vault maps discovered:
D:1:      psy_arrival_wood_between_worlds, layout_loops_ring,
          minmay_misc_feat_plants, st_stairs_7
D:2:      layout_rooms, chequers_temple_overflow_statue_of_worship
D:3:      layout_loops_ring, grunt_gozag_breadcrumbs,
          nicolae_qazlal_eye_of_the_storm, kennysheep_generic_room_7, uniq_robin
D:4:      layout_gridville, nicolae_ru_great_annihilating_truth,
          minmay_temple_entry_mist, gammafunk_ghost_mausoleum
D:5:      layout_basic, serial_shops, shop, first_ration
D:6:      layout_basic, chequers_serial_rivers_room_b, minmay_manual_mares
D:7:      layout_loops_ring, lemuel_round_altar, gammafunk_temple_overflow_wave,
          uniq_harold
D:8:      minmay_separated_statues, layout_basic,
          gammafunk_temple_overflow_claw, erik_lair_dragon, uniq_joseph,
          uniq_maurice
D:9:      layout_irregular_city, lemuel_doored_altar, grunt_livestock,
          minivault_10
D:10:     layout_roguey [special_room_orc], orc_david_3, serial_shops, shop,
          minmay_statue_crystal_thing
D:11:     minmay_polygon_palace, layout_basic
D:12:     layout_cave_pools, gammafunk_ghost_stat_death
D:13:     layout_stronghold, serial_shops, shop, uniq_nessos, uniq_josephine
D:14:     layout_basic, hangedman_vaults_entry_quadrant_bands,
          minmay_misc_feat_room, uniq_jorgrun
D:15:     grunt_enter_depths_giant_problem, layout_basic, minmay_misc_feat_tiny
Temple:   compressed_dpeg_circular_temple
Lair:1:   layout_regular_city, serial_forest, infiniplex_forest_end_2,
          infiniplex_forest_pool, infiniplex_forest_end_3,
          infiniplex_forest_clump_small, infiniplex_forest_lined_4_way,
          infiniplex_forest_straight_5, infiniplex_forest_side_room,
          infiniplex_forest_corner_1, infiniplex_forest_corner_1
Lair:2:   layout_roguey
Lair:3:   layout_regular_city, serial_bayou_shore_a
Lair:4:   layout_big_grid, minmay_swamp_entry_eels, guppyfry_snake_entry_island,
          minmay_lair_oklob_items, nicolae_quartered_pool_medium, uniq_kirke
Lair:5:   layout_regular_city, serial_bayou_shore_b, grunt_megastairs_1
Lair:6:   minmay_lair_end_enchanted_forest, layout_layer_cave, slime_dummy,
          special_room [special_room_mythical_zoo], grunt_megastairs_2,
          uniq_rupert
Swamp:1:  layout_basic_swamp, evilmike_swamp_ruin_house_2, st_swamp_ruins_2,
          infiniplex_staircase_pool_2
Swamp:2:  layout_basic_swamp, evilmike_swamp_ruin_house_5, uniq_louise,
          uniq_aizul, uniq_nikola
Swamp:3:  layout_basic_swamp, evilmike_swamp_ruin_rubble_2
Swamp:4:  swamp_basic_johnstein, layout_basic_swamp, swamp_pool1,
          hangedman_swamp_cone, grunt_witch_cave
Snake:1:  layout_rooms
Snake:2:  layout_basic
Snake:3:  layout_misc_corridors, serial_bayou_shore_b
Snake:4:  grunt_snake_rune_pools, layout_grid_maze
Orc:1:    layout_diamond_mine
Orc:2:    st_orc_rangers, layout_diamond_mine, serial_shops, shop, mines3_lemuel
Vaults:1: v_pattern_1, vaults_mumra_hex, ontoclasm_vaults_ring_small,
          nicolae_vaults_little_squares_5, vaults_room_grunt_arrival_ludios,
          nicolae_vaults_big_ls, st_greater_box_1, hangedman_vaults_impose,
          v_rooms_4, ontoclasm_vaults_shuriken, layout_vaults_omnibox,
          serial_shops, nicolae_shop_trees
Vaults:2: v_misc_30, nicolae_vaults_theta, minmay_crypt_entry_simple_box,
          v_misc_13, v_misc_28, ontoclasm_vaults_hangar, st_spiral_rooms,
          layout_vaults_omnicross, serial_shops, shop, nicolae_shop_stone, shop,
          nicolae_shop_statue_plus
Vaults:3: ontoclasm_vaults_bender, ontoclasm_vaults_idyll,
          hangedman_vaults_restitches, v_misc_28, v_misc_25,
          dpeg_vaults_monster_box, nicolae_vaults_alarming, grunt_vaults_focal,
          vaults_dpeg_hooks, nicolae_vaults_shelves_hall,
          layout_vaults_omnigrid, serial_shops, nicolae_shop_behind_doors
Vaults:4: gammafunk_vaults_ghost_fury_of_okawaru, st_eye,
          nicolae_vaults_stairing_the_circle, hangedman_vaults_slice, v_misc_27,
          v_misc_14, nicolae_vaults_little_squares_1, vaults_room_large_hall,
          grunt_vaults_funnel, v_misc_12, nicolae_vaults_angled_halls,
          hangedman_vaults_cutoff, nicolae_vaults_little_squares_2,
          layout_vaults_maze
Depths:1: layout_cave_pools, lightli_too_deep, trove_entry_hex_spiral,
          st_stairs_5, minmay_multi_spiral
Depths:2: minmay_tri_box, layout_cave_pools, kennysheep_cross_room,
          pf_coc_iceberg, abyss_entry, kennysheep_generic_room_15
Depths:3: hangedman_cross_veins, layout_gridville, pan_entry, special_room
          [special_room_mythical_zoo], hell_entry,
          infiniplex_enter_wizlab_glasses, serial_shops,
          nicolae_shop_behind_doors, nicolae_two_hexagons,
          infiniplex_staircase_x, serial_bayou_shore_b

Skill      XL: |  1  2  3  4  5  6  7  8  9 10 11 12 13 14 15 16 17 18 19 20 21 22 |
---------------+-------------------------------------------------------------------+-----
Earth Magic    | 4 5 6 7 10 12 14 15 | 15.0
Spellcasting   | 3 5 6 8 9 10 15 16 | 16.1
Fighting       | 4 5 10 13 | 13.0
Short Blades   | 4 |  4.3
Dodging        | 9 12 13 | 13.4
Evocations     | 5 7 |  7.1
Invocations    | 5 8 12 14 | 14.0
Conjurations   | 4 |  4.0
Shields        | 4 9 14 15 | 15.0
Summonings     | 8 12 15 | 15.0
Hexes          | 2 |  2.1
Necromancy     | 8 11 12 | 12.0
Axes           | 5 8 9 12 | 12.3
Air Magic      | 6 |  6.1
Stealth        | |  1.7
Transmutations | |  1.0

Action                   |  1- 3 |  4- 6 |  7- 9 | 10-12 | 13-15 | 16-18 | 19-21 | 22-24 || total
-------------------------+-------+-------+-------+-------+-------+-------+-------+-------++-------
Melee: Unarmed           |     7 |       |       |       |       |       |       |       ||     7
       Tailslap          |     2 |    11 |     9 |   183 |     2 |    30 |    62 |     1 ||   300
       Dagger            |    20 |    75 |    19 |       |       |       |       |       ||   114
       Short sword       |       |       |    16 |   103 |       |       |       |       ||   119
       Staff             |       |       |       |   498 |    15 |    18 |     6 |       ||   537
       Broad axe         |       |       |       |       |       |   198 |   445 |    29 ||   672
Throw: Dart              |       |     6 |     8 |    33 |    13 |     3 |     3 |       ||    66
 Cast: Sandblast         |    44 |    54 |   115 |   256 |   248 |   172 |   133 |     7 ||  1029
       Stone Arrow       |       |     7 |    50 |   194 |   394 |   388 |   644 |     7 ||  1684
       Lee's Rapid Decon |       |       |     5 |    50 |   275 |   369 |   183 |    11 ||   893
       Petrify           |       |       |     9 |    19 |    39 |    23 |    27 |       ||   117
       Passwall          |       |       |       |     1 |     7 |     5 |       |       ||    13
       Summon Lightning  |       |       |       |       |    35 |    53 |    97 |     7 ||   192
       Borgnjor's Vile C |       |       |       |       |       |    72 |   155 |       ||   227
       Confuse           |       |       |       |       |       |     1 |     1 |       ||     2
       Shadow Creatures  |       |       |       |       |       |       |    20 |       ||    20
       Blink             |       |       |       |       |       |       |     1 |       ||     1
Invok: Deal Four         |       |       |       |       |     3 |       |       |       ||     3
       Stack Five        |       |       |       |       |     3 |       |       |       ||     3
       Triple Draw       |       |       |       |       |     1 |       |       |       ||     1
 Abil: Draw Destruction  |       |     1 |    10 |    14 |    40 |    21 |    43 |    12 ||   141
       Breathe Dispellin |       |       |     4 |     9 |    35 |    43 |    68 |     2 ||   161
       Draw Summoning    |       |       |     3 |     4 |    12 |    10 |    10 |       ||    39
       Draw Escape       |       |       |       |     2 |     2 |     3 |     1 |       ||     8
       Draw Stack        |       |       |       |       |    10 |     5 |       |       ||    15
Evoke: Wand              |       |     5 |     6 |    62 |    11 |    20 |    35 |     2 ||   141
       Fan of gales      |       |       |       |       |     1 |       |       |       ||     1
       Phantom mirror    |       |       |       |       |       |       |     1 |       ||     1
       Lightning rod     |       |       |       |       |       |       |     4 |       ||     4
       Staff of energy   |       |       |       |       |       |       |     1 |     4 ||     5
       Lamp of fire      |       |       |       |       |       |       |     1 |       ||     1
  Use: Scroll            |       |     6 |     5 |    15 |    21 |    14 |    10 |       ||    71
       Potion            |       |       |     1 |     1 |     1 |     5 |    10 |       ||    18
 Stab: Sleeping          |     1 |     2 |       |       |       |     1 |       |       ||     4
       Paralysed         |       |     1 |       |     1 |       |       |       |       ||     2
       Petrified         |       |       |       |     3 |       |     4 |       |       ||     7
       Petrifying        |       |       |       |       |     1 |       |       |       ||     1
       Confused          |       |       |       |       |       |     1 |       |       ||     1
       Distracted        |       |       |       |       |       |       |     3 |       ||     3
  Eat: Chunk             |     2 |     9 |    18 |    42 |    51 |    49 |    38 |     1 ||   210
       Ration            |       |       |     1 |     6 |    20 |    15 |    20 |       ||    62
Armor: Skin              |     7 |    19 |    38 |    54 |   136 |   169 |   225 |    12 ||   660
Dodge: Dodged            |    24 |    54 |    86 |   330 |   437 |   485 |   483 |    31 ||  1930
Block: Buckler           |       |       |       |     9 |   131 |   100 |       |       ||   240
       Shield            |       |       |       |       |       |    90 |   901 |    45 ||  1036
       Reflection        |       |       |       |       |       |    25 |   107 |     3 ||   135

Table legend:
 A = Non-vault XP
 B = Vault XP
 C = Vault XP percentage of total XP
 D = Non-vault monster count
 E = Vault monster count
 F = Vault count percentage of total count
                 A         B        C        D         E       F
            +---------+---------+-------+---------+---------+-------
      Total |  386553 |  341820 |  46.9 |    1096 |     599 |  35.3
            +---------+---------+-------+---------+---------+-------
        D:1 |      18 |       2 |  10.0 |      10 |       1 |   9.1
        D:2 |      61 |       0 |   0.0 |      19 |       0 |   0.0
        D:3 |      37 |      35 |  48.6 |      18 |      11 |  37.9
        D:4 |     478 |     369 |  43.6 |      16 |       9 |  36.0
        D:5 |     401 |       0 |   0.0 |      19 |       0 |   0.0
        D:6 |     963 |     227 |  19.1 |      20 |       2 |   9.1
        D:7 |     533 |     992 |  65.0 |      14 |       1 |   6.7
        D:8 |     363 |    3124 |  89.6 |      13 |      10 |  43.5
        D:9 |    1359 |     977 |  41.8 |      17 |       5 |  22.7
       D:10 |     673 |    1608 |  70.5 |      22 |      37 |  62.7
       D:11 |    3512 |    1482 |  29.7 |      23 |      13 |  36.1
       D:12 |    5391 |    1311 |  19.6 |      43 |       7 |  14.0
       D:13 |    7689 |    3424 |  30.8 |      31 |       7 |  18.4
       D:14 |   11595 |    8634 |  42.7 |      26 |      23 |  46.9
       D:15 |   31365 |    1754 |   5.3 |      68 |       1 |   1.4
     Lair:1 |    6787 |       0 |   0.0 |      26 |       0 |   0.0
     Lair:2 |    3237 |       0 |   0.0 |      17 |       0 |   0.0
     Lair:3 |    4892 |       0 |   0.0 |      20 |       0 |   0.0
     Lair:4 |    8059 |    3005 |  27.2 |      28 |      13 |  31.7
     Lair:5 |    8365 |    7009 |  45.6 |      19 |      27 |  58.7
     Lair:6 |    5191 |   12367 |  70.4 |      16 |      51 |  76.1
    Swamp:1 |   11956 |    3539 |  22.8 |      19 |       7 |  26.9
    Swamp:2 |   11063 |    5801 |  34.4 |      34 |       3 |   8.1
    Swamp:3 |   10401 |       0 |   0.0 |      36 |       0 |   0.0
    Swamp:4 |   11846 |   22822 |  65.8 |      32 |      31 |  49.2
    Snake:1 |   11192 |       0 |   0.0 |      27 |       0 |   0.0
    Snake:2 |   16160 |       0 |   0.0 |      26 |       0 |   0.0
    Snake:3 |   14826 |       0 |   0.0 |      28 |       0 |   0.0
    Snake:4 |   13292 |   36803 |  73.5 |      25 |      58 |  69.9
      Orc:1 |    2930 |       0 |   0.0 |      22 |       0 |   0.0
      Orc:2 |    2859 |    6081 |  68.0 |      41 |      35 |  46.1
   Vaults:1 |   24108 |   41264 |  63.1 |      43 |      51 |  54.3
   Vaults:2 |   24026 |   17059 |  41.5 |      58 |      22 |  27.5
   Vaults:3 |   35029 |   17483 |  33.3 |      64 |      23 |  26.4
   Vaults:4 |   19135 |   39468 |  67.3 |      28 |      50 |  64.1
   Depths:1 |   36868 |   25164 |  40.6 |      52 |      26 |  33.3
   Depths:2 |   16976 |   11691 |  40.8 |      26 |       5 |  16.1
   Depths:3 |   20661 |   14119 |  40.6 |      33 |      22 |  40.0
     WizLab |    2256 |   54206 |  96.0 |      17 |      48 |  73.8
            +---------+---------+-------+---------+---------+-------
